Map: Jagannatha LE

Players

pineapples

  • Race: Protoss Protoss
  • League: Silver

Throwfordays - Winner!

  • Race: Terran Terran
  • League: Gold

VOD

Have the link to the VOD?

Description

Time

  • Played on: Aug. 27, 2021, 8:03 p.m.
  • Length: 3:50
Show
View Real Time Build Order
Export as new Build Order

pineapples Protoss 

Build Orders:  

Get SALT Encoding   

  12  0:00  Probe (Chrono Boost)  
  13  0:12  Probe (Chrono Boost)  
  14  0:20  Pylon  
  14  0:28  Probe  
  15  0:40  Forge  
  14  0:58  Probe  
  15  1:10  Gateway  
  15  1:11  Probe  
  16  1:23  Assimilator, Probe  
  17  1:35  Probe  
  18  1:45  Pylon  
  18  1:52  Probe  
  19  2:01  Cybernetics Core  
  19  2:03  Photon Cannon  
  19  2:04  Photon Cannon, Probe  
  20  2:12  Photon Cannon  
  20  2:15  Pylon  
  20  2:31  Zealot (Chrono Boost)  
  20  2:52  Pylon  
  20  3:01  Photon Cannon  
  18  3:18  Photon Cannon  
  18  3:20  Photon Cannon  
  18  3:23  Pylon  
  18  3:37  Photon Cannon  
Show
View Real Time Build Order
Export as new Build Order

Throwfordays Terran - Winner!

Build Orders:  

Get SALT Encoding   

  12  0:00  SCV  
  13  0:12  SCV  
  14  0:18  Supply Depot  
  14  0:26  Refinery  
  14  0:29  SCV  
  15  0:42  Barracks  
  15  1:02  Supply Depot  
  15  1:09  SCV  
  16  1:21  SCV  
  17  1:30  Reaper  
  18  1:33  SCV  
  18  1:37  Barracks  
  19  1:45  SCV  
  20  1:57  SCV  
  21  2:02  Reaper  
  21  2:05  Supply Depot  
  22  2:09  SCV  
  22  2:15  Barracks  
  23  2:22  SCV  
  24  2:24  Reaper  
  25  2:36  Reaper  
  26  2:56  Reaper  
  27  3:15  Reaper  
  27  3:16  Reaper  
Tags
 
Add a new tag
Caveats
  • Supply blocks, unpowered buildings, or Contaminate may cause inaccurate times.
  • Supply counts are checked every 10 seconds.